Unix NetHack Version 5.0.0-0 post-release - last build Jun 10 2026 00:39:30 (3ee93aec679c4c4259841fe613dc97188e26a321,branch:main).

Game began 2026-06-10 21:38:01, ended 2026-06-10 21:48:32.

DaveT, lawful female human Priestess

      ----------------                  --------      -------       ---------
      |..............|                  |......|      +.....|       |.......|
      |..............|                 #.......|      |.....|#######-.......|
      |...............#######          #|......|    ##|.....|#      |.......|
      |..............|      ############|......|    # |.....|#      |.......|
      -|------.---.---                ##-----.--   ###..Z@..|#      ------.--
       #      #   #                   ################--.----#            #
       ########## #                   #        #  #     ###               #
           #### #####                 #        #  #       #       #########
                 #############        #        #  #       ##      #
                ##  ###      ######   #    ----|--#        #####  #
                                --.---#    |.....|#        ########
     -----       #              |...<|#    |.....|#      ------|--------
     |....#########             |....|#    |.....-#      |.............|
     |...|    ---.----.--       |...(|#    -------       |.............|
     |...|    |.........|       |....|#                  |.............|
     |....    |..........#######.....-#                  |.............|
     ---|-    -----------       ------                   ---------------
        #
DaveT the Acolyte            St:14 Dx:16 Co:10 In:10 Wi:18 Ch:7  Lawful
Dlvl:5  $:0  HP:0(38) Pw:37(37) AC:1  Xp:5 T:2223  Burdened

Latest messages:
 The leprechaun misses!
 The leprechaun just misses!
 The leprechaun hits!
 You hit the leprechaun!
 The leprechaun misses!
 You kill the leprechaun!
 You fall down the stairs.
 You hit the hill orc!
 You kill the hill orc!
 The hill orc throws a crude dagger!
 The crude dagger hits the straw golem.
 You see here a hill orc corpse.
 You hit the straw golem!
 The straw golem hits!
 The straw golem hits again!
 The straw golem misses!
 The straw golem hits!
 You hit the straw golem.
 The straw golem misses!
 The straw golem just misses!
 The hill orc picks up a crude dagger.
 The hill orc hits!
 You hit the straw golem.
 The straw golem hits!
 The straw golem hits again!
 The hill orc throws a crude dagger!
 The crude dagger hits the straw golem.
 The hill orc hits!
 The hill orc picks up a crude dagger.
 The straw golem hits!
 The straw golem hits again!
 The hill orc wields a crude dagger!
 You feel more confident in your weapon skills.
 You destroy the straw golem!
 You are now more skilled in mace.
 You hit the hill orc!
 The hill orc thrusts her crude dagger.
 The hill orc hits!
 The hill orc picks up 98 gold pieces.
 You kill the hill orc!
 The hill orc hits!
 You hit the hill orc!
 The hill orc hits!
 You climb up the stairs.
 The human zombie hits!
 The human zombie hits!
 You die...
 Do you want your possessions identified? [ynq] (y) y
 Do you want to see your attributes? [ynq] (y) y
 Do you want an account of creatures vanquished? [ynaq] (y) q

Inventory:
 Weapons  (')')
  t - a +0 orcish dagger
  H - a +0 aklys
  a - a blessed +1 mace (weapon in right hand)
 Armor    ('[')
  c - a +0 small shield (being worn)
  b - a blessed +0 robe (being worn)
  D - a +0 banded mail (being worn)
 Comestibles  ('%')
  e - 2 cloves of garlic
  n - 7 food rations
  f - a sprig of wolfsbane
 Potions  ('!')
  d - 3 potions of holy water
 Rings    ('=')
  F - a ring of shock resistance (on left hand)
 Wands    ('/')
  I - a wand of fire (0:6)
  E - a wand of striking (0:4)
 Tools    ('(')
  i - a credit card
  q - a partly used tallow candle
 Gems/Stones  ('*')
  s - an amber stone
  G - 2 aquamarine stones
  J - a worthless piece of red glass
  r - a worthless piece of yellowish brown glass

DaveT the Priestess's attributes:

Background:
 You were an Acolyte, a level 5 human Priestess.
 You were lawful, on a mission for Issek
 who was opposed by Mog (neutral) and Kos (chaotic).
 You started out male.
 You were right-handed.
 You were in the Dungeons of Doom, on level 5.
 You entered the dungeon 2223 turns ago.
 You had 257 experience points, 63 more were needed to attain level 6.

Basics:
 You had 0 out of 38 hit points.
 You had all 37 energy points (spell power).
 Your armor class was 1.
 Your wallet was empty.
 Autopickup was off.

Final Characteristics:
 Your strength was 14 (limit:18/100).
 Your dexterity was 16 (limit:18).
 Your constitution was 10 (limit:18).
 Your intelligence was 10 (limit:18).
 Your wisdom was 18 (limit:18).
 Your charisma was 7 (limit:18).

Final Status:
 You weren't hungry.
 You were burdened; movement was slightly slowed.
 You were wielding a mace.
 You were skilled in mace.

Final Attributes:
 You were piously aligned.
 You were fire resistant.
 You were shock resistant.
 Your items were protected from electric shocks.
 You were telepathic.
 You were guarded.
 Your spell casting was impaired by metallic armor, mitigated by your robe.
 You are dead.

Miscellaneous:
 You didn't encounter any bones levels.
 Total elapsed playing time was 10 minutes and 30 seconds.

Major events:
 Turn
    1: DaveT the lawful human Priest entered the dungeon
  489: entered the Gnomish Mines
  687: attained the rank of Acolyte (level 3)
 2223: killed by a human zombie

Spells:
 Name                 Level Category     Fail Retention
 detect monsters        1   divination    31%  76%-100%
 remove curse           3   clerical       0%   81%-90%

Skills:
 Fighting Skills
   bare handed combat [Unskilled]
 Weapon Skills
   club               [Unskilled]
   mace               [Skilled]
   morning star       [Unskilled]
   flail              [Unskilled]
   hammer             [Unskilled]
   quarterstaff       [Unskilled]
   polearms           [Unskilled]
   spear              [Unskilled]
   trident            [Unskilled]
   lance              [Unskilled]
   bow                [Unskilled]
   sling              [Unskilled]
   crossbow           [Unskilled]
   dart               [Unskilled]
   shuriken           [Unskilled]
   boomerang          [Unskilled]
   unicorn horn       [Unskilled]
 Spellcasting Skills
   healing spells     [Unskilled]
   divination spells  [Unskilled]
   clerical spells    [Basic]

Voluntary challenges:
 Character rerolling was not enabled.
 You never genocided any monsters.
 You never polymorphed an object.
 You never changed form.
 You used no wishes.
Achievements:
 You entered the Gnomish Mines.
 You entered a shop.
 You attained the rank of Acolyte.

 The Dungeons of Doom: levels 1 to 6
    Level 1:
       A sink.
    Level 2: "vault"
       A fountain.
       Stairs down to The Gnomish Mines.
    Level 3:
       A general store.
    Level 4: "vault"
    Level 5: <- You were here.
       Final resting place for
          you, killed by a human zombie.
    Level 6:
 The Gnomish Mines:
    Level 3:


Vanquished creatures:
  a small mimic
  a leprechaun
  a human zombie
  a rock piercer
  a shrieker
  a straw golem
  a floating eye
  a kobold leader
  2 hill orcs
  2 rothes
  a monkey
  2 iguanas
 an acid blob
  a coyote
  a large kobold
  3 giant rats
  a yellow mold
  a green mold
  a red mold
  4 gnomes
  a jackal
  2 foxes
  a goblin
  3 grid bugs
  a lichen
  2 kobold zombies
  2 newts
40 creatures vanquished.

No species were genocided or became extinct.

Game over:
                       ----------
                      /          \
                     /    REST    \
                    /      IN      \
                   /     PEACE      \
                  /                  \
                  |      DaveT       |
                  |       0 Au       |
                  |   killed by a    |
                  |   human zombie   |
                  |                  |
                  |                  |
                  |       2026       |
                 *|     *  *  *      | *
        _________)/\\_//(\/(/\)/\//\/|_)_______

Goodbye DaveT the Priestess...

You died in The Dungeons of Doom on dungeon level 5 with 1328 points,
and 0 pieces of gold, after 2223 moves.
You were level 5 with a maximum of 38 hit points when you died.

